Map: Old Republic LE

Players

SmiSme

  • Race: Protoss Protoss
  • League: Gold
  • Spawn Location: 1:00

IA (élite) - Winner!

  • Race: Terran Terran
  • Spawn Location: 7:00

VOD

Have the link to the VOD?

Description

Time

  • Played on: March 11, 2026, 12:18 a.m.
  • Length: 9:59
Show
View Real Time Build Order
Export as new Build Order

SmiSme Protoss 

Build Orders: 1 Gate Expand 

Get SALT Encoding   

  12  0:00  Probe  
  13  0:12  Probe  
  14  0:19  Pylon  
  14  0:24  Probe  
  15  0:36  Probe  
  15  0:38  Gateway  
  16  0:44  Probe  
  17  0:51  Assimilator  
  17  0:54  Probe  
  18  1:06  Probe  
  20  1:18  Probe  
  20  1:27  Cybernetics Core  
  20  1:30  Probe  
  21  1:44  Nexus  
  21  1:52  Pylon  
  21  1:55  Assimilator  
  21  1:58  Probe  
  22  2:05  Warp Gate  
  22  2:07  Stalker  
  24  2:16  Probe  
  25  2:24  Gateway  
  25  2:28  Probe  
  26  2:37  Sentry  
  26  2:40  Probe  
  29  2:52  Probe  
  29  2:56  Probe  
  31  3:03  Gateway  
  31  3:04  Probe  
  32  3:08  Probe  
  32  3:10  Twilight Council  
  33  3:14  Stalker  
  33  3:17  Probe  
  36  3:20  Sentry, Probe  
  39  3:29  Probe  
  39  3:31  Pylon  
  40  3:34  Probe  
  40  3:41  Stalker, Probe  
  42  3:42  Stalker  
  46  3:49  Charge, Probe  
  47  3:58  Pylon  
  47  4:06  Probe  
  47  4:07  Probe  
  49  4:10  Pylon  
  49  4:14  Pylon  
  49  4:25  Stalker x2  
  49  4:26  Zealot  
  49  4:29  Phoenix, Probe x2  
  57  4:36  Robotics Facility  
  57  4:41  Probe  
  57  4:42  Probe  
  57  4:43  Assimilator  
  57  4:45  Assimilator  
  59  4:50  Gateway  
  59  4:53  Probe  
  59  4:54  Probe  
  61  5:06  Probe x2  
  63  5:11  Zealot x3  
  69  5:19  Pylon  
  69  5:23  Pylon  
  69  5:27  Pylon, Warp Prism  
  71  5:45  Nexus  
  71  5:49  Pylon  
  71  5:52  Pylon  
  71  5:53  Forge  
  71  6:00  Zealot  
  71  6:01  Zealot x2  
  71  6:04  Immortal  
  81  6:07  Probe  
  81  6:08  Probe  
  83  6:14  Phoenix  
  83  6:19  Probe  
  83  6:20  Probe  
  83  6:22  Protoss Ground Weapons Level 1  
  85  6:31  Probe  
  85  6:32  Probe  
  87  6:44  Probe x2  
  87  6:46  Zealot x4  
  97  6:56  Probe x2  
  99  7:02  Gateway x2  
  99  7:05  Gateway  
  99  7:06  Gateway  
  99  7:08  Zealot x2  
  99  7:09  Zealot  
  105  7:26  Templar Archives, Probe x2  
  105  7:29  Probe  
  108  7:34  Probe x2  
  108  7:36  Zealot x4  
  116  7:41  Probe  
  119  7:54  Probe  
  119  7:55  Probe x2  
  122  8:01  Assimilator  
  122  8:05  Assimilator  
  122  8:06  High Templar x5  
  132  8:13  Pylon  
  132  8:14  Pylon, Archon  
  132  8:15  Archon  
  132  8:16  Pylon  
  132  8:26  Immortal  
  132  8:28  Probe  
  137  8:42  Gateway  
  137  8:43  Gateway  
  137  8:55  Shield Battery  
  137  8:59  Shield Battery  
  137  9:02  Shield Battery  
  123  9:04  Shield Battery  
  123  9:05  Observer  
  118  9:15  Zealot x5  
  118  9:16  Zealot x3  
  72  9:37  Zealot x5  
  72  9:38  Zealot x3  
Show
View Real Time Build Order
Export as new Build Order

IA (élite) Terran - Winner!

Build Orders: Command Center First 

Get SALT Encoding   

  12  0:00  SCV  
  13  0:13  SCV  
  14  0:18  Supply Depot  
  14  0:25  SCV  
  15  0:40  SCV  
  16  0:52  SCV  
  17  1:03  Command Center  
  18  1:04  SCV  
  18  1:17  Barracks  
  18  1:19  SCV  
  19  1:40  Refinery  
  19  1:52  Supply Depot  
  19  1:53  SCV  
  20  2:03  Marine  
  20  2:04  Refinery  
  20  2:06  Orbital Command  
  21  2:15  SCV  
  22  2:21  Marine  
  23  2:27  SCV  
  24  2:31  SCV  
  25  2:39  Marine  
  25  2:41  Barracks  
  26  2:45  Supply Depot  
  26  2:49  Orbital Command  
  26  2:55  SCV  
  26  2:57  Marine  
  28  3:06  Factory  
  28  3:07  SCV  
  29  3:14  Marine  
  29  3:15  SCV  
  29  3:19  SCV  
  32  3:27  SCV  
  32  3:28  Marine  
  32  3:31  SCV  
  32  3:32  Marine  
  36  3:35  Barracks  
  36  3:39  SCV  
  37  3:43  SCV  
  37  3:47  Barracks Tech Lab  
  38  3:51  Factory Tech Lab, SCV, Barracks Tech Lab  
  38  3:53  Supply Depot  
  39  3:55  SCV  
  40  4:03  SCV  
  40  4:04  Marine  
  40  4:07  Stimpack  
  40  4:08  SCV  
  40  4:09  Marine  
  44  4:10  Combat Shield  
  44  4:12  Siege Tank  
  44  4:15  SCV  
  48  4:20  SCV  
  48  4:22  Marine x2  
  51  4:25  Supply Depot  
  51  4:27  Marine, SCV  
  53  4:32  Supply Depot, SCV  
  54  4:39  Marine  
  54  4:40  Marine, SCV  
  54  4:44  SCV, Siege Tank  
  61  4:46  Marauder  
  61  4:51  Refinery  
  61  4:52  SCV  
  64  4:54  Engineering Bay  
  64  4:56  SCV  
  64  4:58  Marauder  
  67  5:04  SCV  
  68  5:08  Marauder, SCV  
  68  5:09  Engineering Bay  
  68  5:11  Supply Depot  
  71  5:16  SCV  
  71  5:20  Marauder, SCV  
  75  5:22  Terran Infantry Weapons Level 1  
  75  5:23  Refinery  
  75  5:29  SCV, Marauder  
  75  5:33  SCV  
  75  5:34  Supply Depot  
  79  5:37  Barracks Reactor, Terran Infantry Armor Level 1  
  79  5:39  Missile Turret  
  79  5:40  Missile Turret  
  79  5:41  Marauder  
  81  5:50  Command Center  
  81  5:51  Marauder, SCV  
  81  5:52  SCV  
  85  6:00  Supply Depot  
  85  6:03  Marauder, SCV, Siege Tank  
  85  6:04  Concussive Shells  
  91  6:12  Marauder  
  93  6:19  Barracks, Starport  
  93  6:24  Marauder  
  95  6:25  Supply Depot  
  95  6:28  Marine  
  95  6:29  Marine  
  97  6:36  Siege Tank  
  100  6:43  Missile Turret  
  100  6:47  Marauder x2  
  100  6:48  Supply Depot  
  104  6:56  Medivac  
  106  7:02  SCV x2  
  106  7:03  SCV  
  106  7:08  Siege Tank  
  112  7:10  Refinery  
  112  7:14  SCV, Missile Turret, Orbital Command  
  112  7:15  SCV  
  114  7:18  Missile Turret  
  114  7:26  Medivac, SCV  
  114  7:27  SCV  
  114  7:28  Refinery  
  118  7:30  Supply Depot  
  118  7:35  Armory  
  118  7:38  Missile Turret, SCV  
  118  7:40  Siege Tank, SCV x2  
  124  7:50  SCV  
  125  7:52  SCV  
  125  7:53  SCV  
  125  7:55  Supply Depot  
  127  7:59  Armory  
  127  8:02  Missile Turret, Starport Reactor  
  127  8:03  SCV  
  127  8:04  SCV  
  127  8:05  SCV  
  130  8:12  Widow Mine  
  132  8:15  SCV  
  132  8:16  SCV  
  132  8:19  Supply Depot  
  134  8:24  Factory  
  134  8:29  Command Center  
  134  8:33  Starport  
  134  8:34  Widow Mine  
  136  8:37  Medivac  
  138  8:43  Supply Depot  
  138  8:45  Hi-Sec Auto Tracking  
  138  8:55  Medivac, Widow Mine  
  142  9:00  Marine  
  142  9:01  Marine  
  138  9:08  Widow Mine, Supply Depot  
  136  9:11  Starport Tech Lab  
  136  9:12  Marine  
  136  9:13  Marine x2  
  136  9:16  Cyclone  
  128  9:18  Marauder  
  128  9:19  Barracks, Marauder  
  123  9:29  Factory Tech Lab  
  123  9:30  Marine  
  123  9:31  Marine  
  124  9:32  Barracks Tech Lab  
  124  9:39  Marine  
  124  9:44  Refinery  
  132  9:53  Refinery, Command Center  
Tags
 
Add a new tag
Caveats
  • Supply blocks, unpowered buildings, or Contaminate may cause inaccurate times.
  • Supply counts are checked every 10 seconds.